 Dungeon Crawl Stone Soup version 0.31-a0-1008-g5b978dac0e (webtiles) character file.

Game seed: 2794413618622082813

219 ChronoRanger the Cudgeller (level 5, -4/47 HPs)
             Began as a Minotaur Fighter on Nov 13, 2023.
             Killed from afar by a white imp (11 damage)
             ... with a puff of frost
             ... summoned by Eustachio
             ... on level 4 of the Dungeon.
             The game lasted 00:05:31 (2702 turns).

ChronoRanger the Cudgeller (Minotaur Fighter)       Turns: 2702, Time: 00:05:31

Health: -4/47      AC:  7    Str: 22    XL:     5   Next: 64%
Magic:  0/4        EV:  9    Int:  5    God:
Gold:   217        SH:  4    Dex: 10    Spells: 4/4 levels left

rFire   . . .        a - +0 flail
rCold   . . .        c - +0 buckler
rNeg    . . .        b - +0 scale mail
rPois   .            (helmet restricted)
rElec   .            (no cloak)
rCorr   .            (no gloves)
SInv    .            (no boots)
Will    +....        j - amulet of guardian spirit Stlth
                     l - ring of willpower
HPRegen 0.27/turn    (no ring)
MPRegen 0.09/turn

%: guardian spirit
@: mighty
A: horns 2, retaliatory headbutt
a: no special abilities


You were on level 4 of the Dungeon.
You visited 1 branch of the dungeon, and saw 4 of its levels.

You collected 217 gold pieces.

Inventory:

Hand Weapons
 a - a +0 flail (weapon)
Armour
 b - a +0 scale mail (worn)
 c - a +0 buckler (worn)
 u - a +0 tower shield
Jewellery
 j - an amulet of guardian spirit (around neck)
 l - a ring of willpower (left hand)
Scrolls
 g - a scroll of amnesia {unknown}
 h - a scroll of fear
 i - a scroll of enchant armour {unknown}
 n - a scroll of fog
 p - a scroll of revelation {unknown}
 q - a scroll of vulnerability {unknown}
 s - a scroll of poison {unknown}
 v - a scroll of immolation {unknown}
Potions
 e - 2 potions of lignification
 f - 2 potions of brilliance {unknown}
 k - 2 potions of mutation {unknown}
 m - a potion of cancellation {unknown}
 o - 2 potions of curing
 r - a potion of berserk rage {unknown}
 t - a potion of magic {unknown}


   Skills:
 + Level 4.7 Fighting
 * Level 4.8 Maces & Flails
 + Level 4.7 Armour
 + Level 4.7 Shields


You had 4 spell levels left.
You didn't know any spells.
Your spell library was empty.

Dungeon Overview and Level Annotations

Branches:
Dungeon (4/15)
 Temple: D:4-7

Altars:
Vehumet

Annotations:
D:4 Eustachio


Innate Abilities, Weirdness & Mutations

You have a pair of horns on your head.
You reflexively headbutt those who attack you in melee.


Message History

The white imp hits you but does no damage.
You closely miss Eustachio.
Eustachio is moderately wounded.
The ufetubus hits you but does no damage.
The ufetubus misses you. Eustachio closely misses you. The ufetubus hits you.
The ufetubus barely misses you. The white imp gestures at you.
The puff of frost hits you. Eustachio hits you with a +0 falchion.
You thump Eustachio! You headbutt Eustachio!
Eustachio is severely wounded.
The ufetubus slips past you!
The ufetubus hits you but does no damage.
You block the ufetubus's attack. The white imp gestures at you.
The puff of frost hits you!
* * * LOW HITPOINT WARNING * * *
Eustachio hits you with a +0 falchion.
* * * LOW HITPOINT WARNING * * *
The ufetubus barely misses you.
The ufetubus hits you but does no damage.
You miss Eustachio.
Eustachio is severely wounded.
The ufetubus hits you.
The ufetubus hits you but does no damage.
The white imp closely misses you. Eustachio hits you with a +0 falchion!
* * * LOW HITPOINT WARNING * * *
You sock Eustachio! Your headbutt misses Eustachio.
Eustachio is almost dead.
The ufetubus barely misses you. You furiously retaliate!
You headbutt the ufetubus!
You kill the ufetubus!
The ufetubus disappears in a puff of smoke!
The white imp hits you but does no damage.
Eustachio hits you with a +0 falchion.
You barely miss Eustachio.
Eustachio is almost dead.
The white imp closely misses you.
Eustachio mumbles some strange words.
The white imp gestures at you. The puff of frost hits you!
You die...

##### ...###### #..>....
# ####.......
#.##########.......# #
###.r.5.r..........#.#
.....5@@...†.....###.###
###..##r.........# #....
#. #.######.#.# #####
..(# #.#.# .#### #.#.# .
..#.# ###h.


You could see Eustachio, an iron imp (summoned), 2 river rats, a white imp
(summoned) and a rat (summoned).

Vanquished Creatures
  An orc priest (D:4)
  A hound (D:4)
  An orc wizard (D:4)
  Robin (D:3)
  3 adders
  A dart slug (D:3)
  5 orcs
  9 bats
  9 endoplasms
  4 giant cockroaches
  16 goblins
  10 hobgoblins
  2 jackals (D:4)
  7 quokkas
  4 ball pythons
  2 frilled lizards
  4 kobolds
  6 rats
86 creatures vanquished.

Notes
Turn   | Place    | Note
-------+----------+-------------------------------------------
     0 | D:1      | ChronoRanger the Minotaur Fighter began the quest for the
                  | Orb.
     0 | D:1      | Reached XP level 1. HP: 19/19 MP: 0/0
    80 | D:1      | Reached XP level 2. HP: 27/27 MP: 1/1
   537 | D:1      | Reached XP level 3. HP: 33/33 MP: 2/2
  1285 | D:2      | Reached XP level 4. HP: 40/40 MP: 3/3
  1293 | D:3      | Noticed Robin
  1472 | D:3      | Killed Robin
  1903 | D:3      | Found a radiant altar of Vehumet.
  2269 | D:4      | Reached XP level 5. HP: 29/47 MP: 1/4
  2685 | D:4      | Noticed Eustachio
  2702 | D:4      | Killed from afar by a white imp

Illustrated notes

Levels and vault maps discovered:
D:1:      psy_arrival_terrarium, layout_basic
D:2:      layout_rooms, serial_bayou, serial_bayou_pond_d, serial_bayou_pond_d,
          serial_bayou_shore_b, serial_bayou_pond_d
D:3:      layout_loops_ring, vehumet_crystals, uniq_robin
D:4:      layout_loops_ring, minmay_temple_entry_enclosed_plants,
          chequers_ossuary_entry_cave, chequers_garden, bh_walls_and_bars,
          uniq_eustachio

Skill      XL: |  1  2  3  4 |
---------------+-------------+-----
Maces & Flails | 3 4 |  4.8
Fighting       | 4 |  4.7
Armour         | 4 |  4.7
Shields        | 4 |  4.7

Action                     |  1- 3 |  4- 6 || total
---------------------------+-------+-------++-------
  Melee: Flail             |    89 |   112 ||   201
         Headbutt          |    10 |    15 ||    25
    Use: Scroll            |     3 |     1 ||     4
         Potion            |       |     2 ||     2
 Armour: Scale mail        |    56 |   122 ||   178
  Dodge: Dodged            |    31 |    56 ||    87
  Block: Buckler           |    14 |    21 ||    35

Table legend: (Time is in decaauts)
 A = Elapsed time spent in this place.
 B = Non-inter-level travel time spent in this place.
 C = Inter-level travel time spent in this place.
 D = Time resting spent in this place.
 E = Time spent auto-exploring this place.
 F = Levels seen in this place.
 G = Mean time per level.
                   A        B        C        D        E       F      G
               +--------+--------+--------+--------+--------+-----+--------+
         Total |   2762 |   2698 |     64 |    183 |   1915 |   4 |  690.5 |
       Dungeon |   2762 |   2698 |     64 |    183 |   1915 |   4 |  690.5 |
               +--------+--------+--------+--------+--------+-----+--------+

Top non-repeatable levels by time:
     D:3: 901 daAuts
     D:2: 791 daAuts
     D:1: 690 daAuts
     D:4: 379 daAuts
